 Dungeon Crawl Stone Soup version 0.29.1-12-g30fa7ad0bf (webtiles) character file.

Game seed: 12757850724250157349

224 mopl the Sneak (level 6, 0/39 HPs)
             Began as an Octopode Brigand on Dec 29, 2022.
             Slain by a jackal (3 damage)
             ... on level 3 of the Dungeon.
             The game lasted 00:03:11 (2741 turns).

mopl the Sneak (Octopode Brigand)                   Turns: 2741, Time: 00:03:11

Health: 0/39       AC:  1    Str: 10    XL:     6   Next: 0%
Magic:  6/6        EV: 13    Int: 15    God:
Gold:   91         SH:  0    Dex: 14    Spells: 5/5 levels left

rFire   . . .      SeeInvis .   a - +2 dagger
rCold   . . .      Faith    .   (no shield)
rNeg    . . .      Spirit   .   (helmet restricted)
rPois   .          Reflect  .   (no amulet)
rElec   .          Harm     .   (no ring)
rCorr   .          Rampage  .   (no ring)
Will    .....                   (no ring)
Stlth   ++++......              (no ring)
HPRegen 0.13/turn               (no ring)
MPRegen 0.10/turn               (no ring)
                                (no ring)
                                (no ring)

@: no status effects
A: almost no armour, amphibious, 8 rings, camouflage 1, gelatinous body 1,
(nimble swimmer 1), tentacles
a: no special abilities


You were on level 3 of the Dungeon.
You visited 1 branch of the dungeon, and saw 3 of its levels.

You collected 91 gold pieces.

Inventory:

Hand Weapons
 a - a +2 dagger (weapon)
Missiles
 b - 10 poisoned darts (quivered)
 c - 5 curare-tipped darts
 f - 2 atropa-tipped darts
Scrolls
 d - a scroll of magic mapping {unknown}
 e - 3 scrolls of teleportation {unknown}
 g - a scroll of enchant armour {unknown}
 h - a scroll of poison {unknown}
 k - a scroll of noise {unknown}
 o - a scroll of identify {unknown}
Potions
 i - a potion of degeneration {unknown}
 j - 2 potions of ambrosia {unknown}
 l - a potion of brilliance {unknown}
 m - 3 potions of curing {unknown}
 n - a potion of might {unknown}
 p - a potion of attraction {unknown}
 q - a potion of resistance {unknown}


   Skills:
 - Level 2.0 Fighting
 + Level 3.4 Short Blades
 + Level 3.3 Throwing
 + Level 2.8 Dodging
 + Level 6.7 Stealth


You had 5 spell levels left.
You didn't know any spells.
Your spell library was empty.

Dungeon Overview and Level Annotations

Branches:
Dungeon (3/15)

Altars:

Shops:
D:3 :


Innate Abilities, Weirdness & Mutations

You cannot wear most types of armour.
You are amphibious.
You can wear up to eight rings at the same time.
Your skin changes colour to match your surroundings (Stealth+).
Your rubbery body absorbs attacks. (AC +1, EV +1)
((You are camouflaged when in or above water. (Stealth+)))
You have tentacles for arms and can constrict up to eight enemies at once.


Message History

Throw: 11 darts (poison)
Press: ? - help, Q - select action, (/) - cycle Shift-Dir - straight line, f/p - orc wizard
Aim: an orc wizard, wielding a +0 dagger and wearing a +0 robe (53% to hit)
You throw a poisoned dart.
The poisoned dart closely misses the orc wizard.
You feel sick.
The orc wizard hits you with a +0 dagger.
An orc comes into view. It is wielding a +0 short sword.
You feel sick.
You are no longer poisoned.
The orc shouts!
The orc wizard hits you with a +0 dagger.
* * * LOW HITPOINT WARNING * * *
The jackal bites you but does no damage.
The jackal barely misses you. The jackal attacks as you move away!
The jackal closely misses you.
A bat comes into view.
The bat barely misses you.
The orc wizard mumbles some strange words.
The orc wizard flickers and vanishes!
Deactivating autopickup; reactivate with Ctrl-A.
The bat hits you.
* * * LOW HITPOINT WARNING * * *
The jackal bites you.
* * * LOW HITPOINT WARNING * * *
The jackal attacks as you move away! The jackal barely misses you.
The bat hits you.
* * * LOW HITPOINT WARNING * * *
The bat attacks as you move away! The bat closely misses you.
Found a viscous golden potion and a dented copper amulet.
The bat barely misses you. The bat hits you.
* * * LOW HITPOINT WARNING * * *
The jackal bites you.
* * * LOW HITPOINT WARNING * * *
The bat attacks as you move away! The bat hits you.
* * * LOW HITPOINT WARNING * * *
Found a scroll labelled NISYXY PUSHE.
The bat hits you but does no damage.
There is a stone staircase leading down here.
The jackal bites you.
You die...

#.#
#.#....#...###.
#.# #.#.##.##.##
#.# #.#.##o# .#
#.###.#....##.#
#.............#
#.##..###..##.'...
#.##.## #..# #...
#.##.####hb# ..
#........@.#
####.####.## ####
#.# #.# #... #.#
#.. #.## #.# #..
#.# #.# #..# #.#
#.# #!"#
#######.## ####.#
#.?# #.........
#....# #.#####.##


You could see an orc, a jackal and a bat.

Vanquished Creatures
  2 orc priests (D:3)
  A gnoll (D:3)
  7 adders
  2 worms (D:2)
  4 dart slugs
  9 orcs
  9 endoplasms
  2 giant cockroaches
  6 goblins
  7 hobgoblins
  4 jackals
  4 kobolds
  2 quokkas
  5 bats (D:1)
  4 frilled lizards
  3 rats
71 creatures vanquished.

Vanquished Creatures (others)
  A plant (D:3)
1 creature vanquished.

Grand Total: 72 creatures vanquished

Notes
Turn   | Place    | Note
-------+----------+-------------------------------------------
     0 | D:1      | mopl the Octopode Brigand began the quest for the Orb.
     0 | D:1      | Reached XP level 1. HP: 14/14 MP: 1/1
     5 | D:1      | Noticed an elephant
   170 | D:1      | Reached XP level 2. HP: 19/19 MP: 2/2
   641 | D:1      | Reached XP level 3. HP: 24/24 MP: 3/3
  1021 | D:1      | Noticed a six-headed hydra
  1141 | D:2      | Reached XP level 4. HP: 15/29 MP: 4/4
  1212 | D:2      | Reached skill level 2 in Dodging
  1212 | D:2      | Reached skill level 6 in Stealth
  1774 | D:2      | Reached skill level 3 in Short Blades
  2017 | D:2      | Reached XP level 5. HP: 34/34 MP: 5/5
  2281 | D:3      | Found Qamor's Book Shoppe.
  2328 | D:3      | Reached skill level 3 in Throwing
  2620 | D:3      | Found a faded altar of an unknown god.
  2725 | D:3      | Reached XP level 6. HP: 19/39 MP: 6/6
  2741 | D:3      | Slain by a jackal

Illustrated notes

Levels and vault maps discovered:
D:1:      sevenhm_arrival_forest_fort_small_2, layout_loops_corners,
          minmay_close_crescents
D:2:      layout_loops_ring
D:3:      lemuel_castle_with_subvaults [lemuel_castle_interior_carwin_3],
          layout_loops_ring, nicolae_vehumet_altar_sigil, serial_shops,
          nicolae_diamond_shop, basic_ecumenical_altar,
          nicolae_kite_square_tiling_tiny

Skill      XL: |  1  2  3  4  5 |
---------------+----------------+-----
Dodging        | 2 |  2.8
Stealth        | 6 |  6.7
Short Blades   | 3 |  3.4
Throwing       | 3 |  3.3
Fighting       | |  2.0

Action                   |  1- 3 |  4- 6 || total
-------------------------+-------+-------++-------
Melee: Dagger            |    40 |    82 ||   122
       Constrict         |     6 |    21 ||    27
       Tentacles         |     4 |    15 ||    19
Throw: Dart              |       |    12 ||    12
 Stab: Sleeping          |    18 |    11 ||    29
       Distracted        |       |     1 ||     1
Armor: Skin              |     2 |     5 ||     7
Dodge: Dodged            |    13 |    37 ||    50
